cohdb
Replays
Latest Replays
All Replays
Popular Replays
Top Player Replays
Match Explorer
How It Works
Community
CoH3 Stats
Reddit
Sign in to upload your games and track your stats! →
Sign in with Steam
Match 30772673
Unlisted
Match 30772673
Overview
Messages
Build Orders
End
Kradschützen Motorcycle Team
Panzergrenadier Squad
Selects Battlefield Espionage Battlegroup
Panzergrenadier Squad
Panzergrenadier Squad
Construct Light Support Kompanie
Selects Intel Disruption Beacon
2.5-tonne Medical Truck
Fire Support Elements
Flakvierling Half-track
Pak 38 Mechanized Group
Selects Transfer Depots
Selects 250/3 Funkpanzerwagen
Construct Panzerarmee Kommand
Veteran Squad Leaders
chieryfox
baka_reimu
MSGMSGMSG(King of Flavor)
matrix4x4
arik010
[ E ] Eric Hau
Mee Rebus
pink96
0
0
Comments
sign in to comment!
No comments posted yet!